 Dungeon Crawl Stone Soup version 0.29-a0-72-g1732ff48e7 (webtiles) character file.

Game seed: 11064829643705601104

201 grumblor the Skirmisher (level 5, -1/28 HPs)
             Began as a Vine Stalker Fighter on Feb 3, 2022.
             Slain by Blork the orc (7 damage)
             ... on level 4 of the Dungeon.
             The game lasted 00:03:22 (2726 turns).

grumblor the Skirmisher (Vine Stalker Fighter)      Turns: 2726, Time: 00:03:23

Health: -1/28      AC:  6    Str: 20    XL:     5   Next: 79%
Magic:  0/6        EV: 14    Int:  8    God:
Gold:   162        SH:  6    Dex: 14    Spells: 4/4 levels left

rFire   . . .      SeeInvis .   a - +0 war axe
rCold   . . .      Faith    .   c - +1 buckler
rNeg    . . .      Spirit   +   b - +0 scale mail
rPois   .          Reflect  .   (no helmet)
rElec   .          Harm     .   (no cloak)
rCorr   .          Rampage  .   (no gloves)
Will    .....                   (no boots)
Stlth   ..........              (no amulet)
HPRegen 0.89/turn               h - +4 ring of evasion
MPRegen 0.10/turn               (no ring)

@: no status effects
A: fangs 2, regeneration 1, magic shield, antimagic bite, no potion heal 2
a: no special abilities


You were on level 4 of the Dungeon.
You visited 1 branch of the dungeon, and saw 4 of its levels.

You collected 162 gold pieces.

Inventory:

Hand Weapons
 a - a +0 war axe (weapon)
Missiles
 j - 2 poisoned darts (quivered)
Armour
 b - a +0 scale mail (worn)
 c - a +1 buckler (worn)
Jewellery
 h - a +4 ring of evasion (left hand)
Scrolls
 i - a scroll of identify
Potions
 d - 2 potions of might
 e - a potion of invisibility
 f - 2 potions of degeneration {unknown}
 g - a potion of curing {unknown}


   Skills:
 * Level 3.6 Fighting
 + Level 3.2 Axes
 + Level 3.1 Armour
 * Level 1.6 Dodging
 + Level 3.1 Shields


You had 4 spell levels left.
You didn't know any spells.
Your spell library contained the following spells:

 Spells                   Type           Power      Damage    Failure   Level
 Magic Dart               Conj           0%         1d3       85%         1
 Call Imp                 Summ           0%         N/A       94%         2
 Gell's Gravitas          Tloc           0%         N/A       99%         3
 Lesser Beckoning         Tloc           0%         N/A       99%         3
 Mephitic Cloud           Conj/Pois/Air  0%         N/A       99%         3
 Teleport Other           Tloc           0%         N/A       99%         3


Dungeon Overview and Level Annotations

Branches:
Dungeon (4/15)
 Temple: D:4-7

Altars:
Gozag

Shops:
D:1 [   D:4 ?[[[

Annotations:
D:4 Blork the orc


Innate Abilities, Weirdness & Mutations

You have extremely sharp teeth.
Your natural rate of healing is unusually fast.
When hurt, damage is shared between your health and your magic reserves.
Your bite disrupts and absorbs the magic of your enemies.
Potions cannot restore your health.


Message History

You closely miss Blork the orc. Blork the orc closely misses you.
You slash Blork the orc! You bite Blork the orc.
Blork the orc's magic leaks into the air.
You drain his magic.
Blork the orc is moderately wounded.
Blork the orc's magic is no longer disrupted.
Blork the orc gestures at you while chanting.
The puff of frost hits you!
Blork the orc hits you with a +0 scimitar.
You slash Blork the orc!
Blork the orc is heavily wounded.
You hit the goblin but do no damage. The goblin barely misses you.
Blork the orc completely misses you. You block the goblin's attack.
Unknown command.
You hit Blork the orc.
Blork the orc is severely wounded.
You completely miss the goblin.
Blork the orc hits you with a +0 scimitar!
You block the goblin's attack.
Blork the orc mumbles some strange words.
Blork the orc seems to speed up.
Unknown command.
You are too injured to fight recklessly!
Unknown command.
You are too injured to fight recklessly!
Unknown command.
You are too injured to fight recklessly!
Unknown command.
You hit Blork the orc but do no damage. Your bite misses Blork the orc.
Blork the orc is severely wounded.
You slash the goblin!
You kill the goblin!
You block Blork the orc's attack. Blork the orc closely misses you.
Unknown command.
You slash Blork the orc!
Blork the orc is almost dead.
Blork the orc hits you with a +0 scimitar!
* * * LOW HITPOINT WARNING * * *
Blork the orc hits you with a +0 scimitar!
You die...

#......##........
#....∩.##........
#......###.......
#......# #.......
#.###### ##......
# #.# #...... #.
#.# #......
...##.##.###...
........
......)@....#
#########
....:.o..##.#
.........
.........# #
#########
.........#
.........# #
.........# ..
###.##.#.# ## #.
#. .# . #


You could see Blork the orc (fast).

Vanquished Creatures
  A scorpion (D:4)
  4 gnolls
  3 adders
  An adder skeleton (D:4)
  A worm (D:3)
  A dart slug (D:3)
  8 ball pythons
  7 bats
  7 endoplasms
  2 giant cockroaches
  5 goblins
  6 hobgoblins
  3 jackals (D:2)
  8 kobolds
  5 frilled lizards
  5 rats
67 creatures vanquished.

Notes
Turn   | Place    | Note
-------+----------+-------------------------------------------
     0 | D:1      | grumblor the Vine Stalker Fighter began the quest for the
                  | Orb.
     0 | D:1      | Reached XP level 1. HP: 11/11 MP: 2/2
   177 | D:1      | Reached XP level 2. HP: 16/16 MP: 3/3
   364 | D:1      | Found Cimeips's Armour Boutique.
   722 | D:1      | Found a faded altar of an unknown god.
   742 | D:1      | Reached XP level 3. HP: 20/20 MP: 4/4
  1543 | D:2      | Gained mutation: Your natural rate of healing is unusually
                  | fast. [Vine Stalker growth]
  1543 | D:2      | Reached XP level 4. HP: 22/24 MP: 5/5
  1945 | D:3      | Reached skill level 1 in Dodging
  2109 | D:3      | Reached XP level 5. HP: 22/28 MP: 4/6
  2334 | D:3      | Found an opulent altar of Gozag.
  2469 | D:4      | Found Areull's Antique Armour Shop.
  2636 | D:4      | Found Orghath's Antique Armour Shop.
  2637 | D:4      | Found Xaat's Armour Boutique.
  2706 | D:4      | Found Ygroado's Magic Scroll Shoppe.
  2716 | D:4      | Noticed Blork the orc
  2726 | D:4      | Slain by Blork the orc

Illustrated notes

Levels and vault maps discovered:
D:1:      amcnicky_arrival_choice, layout_basic, serial_shops, shop,
          basic_ecumenical_altar
D:2:      layout_loops_cross, minivault_26
D:3:      layout_basic, grunt_gozag_statues
D:4:      layout_basic, minmay_temple_entry_slanted, serial_shops, shop, shop,
          nicolae_stop_n_shop_1, shop, grunt_ministairs_14, uniq_blork_the_orc,
          uniq_edmund

Skill      XL: |  1  2  3  4  5 |
---------------+----------------+-----
Fighting       | 3 |  3.6
Axes           | 2 3 |  3.2
Dodging        | 1 |  1.6
Shields        | 3 |  3.1
Armour         | 3 |  3.1

Action                   |  1- 3 |  4- 6 || total
-------------------------+-------+-------++-------
Melee: War axe           |    71 |    85 ||   156
       Bite              |    15 |    16 ||    31
  Use: Scroll            |     1 |     3 ||     4
Armor: Scale mail        |    27 |    36 ||    63
Dodge: Dodged            |    27 |    54 ||    81
Block: Buckler           |    14 |    33 ||    47

Table legend: (Time is in decaauts)
 A = Elapsed time spent in this place.
 B = Non-inter-level travel time spent in this place.
 C = Inter-level travel time spent in this place.
 D = Time resting spent in this place.
 E = Time spent auto-exploring this place.
 F = Levels seen in this place.
 G = Mean time per level.
                   A        B        C        D        E       F      G
               +--------+--------+--------+--------+--------+-----+--------+
         Total |   2792 |   2689 |    103 |     22 |   2215 |   4 |  698.0 |
       Dungeon |   2792 |   2689 |    103 |     22 |   2215 |   4 |  698.0 |
               +--------+--------+--------+--------+--------+-----+--------+

Top non-repeatable levels by time:
     D:1: 1093 daAuts
     D:2: 850 daAuts
     D:3: 559 daAuts
     D:4: 289 daAuts
